 Dungeon Crawl Stone Soup version 0.32-a0-450-g080537f31e (webtiles) character file.

Game seed: 15840983860099347264

108875 promet the Warrior (level 16, 0/144 HPs)
             Began as a Minotaur Fighter on Feb 22, 2024.
             Was the Champion of Hepliaklqana.
             Incinerated by a deep elf pyromancer (11 damage)
             ... with a pyre arrow
             ... on level 2 of the Orcish Mines on Feb 23, 2024.
             The game lasted 03:08:06 (29966 turns).

promet the Warrior (Minotaur Fighter)              Turns: 29966, Time: 03:08:06

Health: 0/144      AC: 32    Str: 27    XL:     16   Next: 3%
Magic:  19/20      EV: 14    Int:  9    God:    Hepliaklqana [******]
Gold:   2237       SH:  0    Dex: 12    Spells: 15/15 levels left

rFire   . . .        a - +9 war axe of Forgiveness {venom, Int+4}
rCold   . . .        (no shield)
rNeg    . . .        A - +3 plate armour
rPois   .            C - +1 hat
rElec   .            e - +2 cloak
rCorr   .            g - +2 pair of gloves
SInv    .            O - +0 pair of boots
Will    +....        (no amulet) Stlth
                     X - +5 ring of evasion
HPRegen 0.44/turn    P - +4 ring of protection
MPRegen 0.17/turn

%: no passive effects
@: on fire, glowing
A: reduced essence, horns 2, retaliatory headbutt
a: Renounce Religion, Recall Ancestor, Ancestor Identity, Transference, Idealise


You were on level 2 of the Orcish Mines.
You worshipped Hepliaklqana.
Hepliaklqana was exalted by your worship.
You visited 5 branches of the dungeon, and saw 24 of its levels.
You visited the Abyss 1 time.

You collected 2402 gold pieces.
You spent 165 gold pieces at shops.

Inventory:

Hand Weapons
 a - the +9 war axe of Forgiveness (weapon) {venom, Int+4}
   (You acquired it on level 2 of the Dungeon)

   Int+4:     It affects your intelligence (+4).
 b - a +3 longbow of flaming
 c - a +3 heavy trident
 d - a +0 heavy war axe
 w - a +1 scimitar of flaming
 y - a +2 rapier of protection
 z - a +0 sling
 G - a +2 vampiric scimitar
 Y - the +6 trident of the Sugar Beet {pain, Dex+5}
   (You found it on level 5 of the Lair of Beasts)

   Dex+5:     It affects your dexterity (+5).
Missiles
 f - 139 stones
 h - 35 poisoned darts
 l - 11 boomerangs (quivered)
Armour
 e - a +2 cloak (worn)
 g - a +2 pair of gloves (worn)
 n - an orb of wrath
 A - a +3 plate armour (worn)
 C - a +1 hat (worn)
 J - a +0 kite shield
 O - a +0 pair of boots (worn)
Jewellery
 p - a ring of poison resistance
 q - a ring of resist corrosion
 u - a ring of positive energy
 P - a +4 ring of protection (right hand)
 U - a ring of flight
 X - a +5 ring of evasion (left hand)
Wands
 B - a wand of paralysis (15)
 N - a wand of mindburst (19)
 Q - a wand of polymorph (9)
 W - a wand of flame (12)
Scrolls
 m - 11 scrolls of teleportation
 s - 5 scrolls of fog
 v - 2 scrolls of vulnerability
 x - 5 scrolls of blinking
 I - a scroll of poison
 L - a scroll of revelation
 V - a scroll of amnesia
Potions
 i - a potion of haste
 j - 13 potions of curing
 o - 4 potions of enlightenment
 r - a potion of might
 t - a potion of lignification
 D - 3 potions of ambrosia
 E - 3 potions of resistance
 F - 2 potions of cancellation
 H - 2 potions of heal wounds
 K - 2 potions of berserk rage
 M - a potion of attraction
 T - a potion of invisibility
Miscellaneous
 k - a box of beasts (inert)
 Z - a condenser vane (inert)


   Skills:
 * Level 19.0 Fighting
 + Level 0.3 Long Blades
 + Level 17.1 Axes
 + Level 12.5 Ranged Weapons
 + Level 3.5 Throwing
 + Level 13.2 Armour
 + Level 3.1 Dodging
 + Level 4.8 Stealth
 + Level 5.0 Shields
 + Level 0.3 Unarmed Combat
 * Level 7.5 Invocations
 * Level 6.4 Evocations


You had 15 spell levels left.
You didn't know any spells.
Your spell library contained the following spells:

 Spells                   Type           Power      Damage    Failure   Level
 Static Discharge         Conj/Air       0%         3-3/arc   99%         2
 Gell's Gravitas          Tloc           0%         N/A       100%        3
 Hailstorm                Conj/Ice       0%         3d5       100%        3
 Ozocubu's Armour         Ice            0%         N/A       100%        3
 Summon Ice Beast         Ice/Summ       0%         N/A       100%        3
 Teleport Other           Tloc           0%         N/A       100%        3
 Tukima's Dance           Hex            0%         N/A       100%        3
 Airstrike                Air            0%         2d(0-16)  100%        4
 Animate Armour           Summ/Erth      0%         N/A       100%        4
 Manifold Assault         Tloc           0%         N/A       100%        4
 Passage of Golubria      Tloc           0%         N/A       100%        4
 Summon Lightning Spire   Summ/Air       0%         N/A       100%        4
 Lee's Rapid Deconstruct  Erth           0%         3d4*      100%        5
 Metabolic Englaciation   Hex/Ice        0%         N/A       100%        5
 Yara's Violent Unravell  Hex/Alch       0%         3d3       100%        5
 Bombard                  Conj/Erth      0%         9d1       100%        6
 Dispersal                Tloc           0%         N/A       100%        6
 Sculpt Simulacrum        Ice/Alch       0%         N/A       100%        6


Dungeon Overview and Level Annotations

Branches:
Dungeon (15/15)            Temple (1/1) D:5            Lair (5/5) D:10
 Shoals (0/4) Lair:3        Slime (0/5) Lair:4          Orc (2/2) D:12
    Elf (1/3) Orc:2        Vaults (0/5) D:13         Depths (0/4) D:15
  Snake: Lair:2-3    Spider: Lair:2-3

Altars:
Ashenzari
Cheibriados
Dithmenos
Elyvilon
Fedhas
Gozag
Hepliaklqana
Kikubaaqudgha
Makhleb
Nemelex Xobeh
Okawaru
Qazlal
Ru
Sif Muna
Trog
Uskayaw
Vehumet
Wu Jian
Xom
Yredelemnul
Zin
The Shining One
Beogh
Jiyva

Shops:
Orc:2 [!::[

Annotations:
D:8 2 transporters, shadowstone's ghost, novice CoFi
D:9 1 runed translucent door, timneilson's ghost, journeyman OpSh
D:10 1 runed translucent door
Lair:1 3 runed translucent doors, Nyony's ghost, journeyman TrSh; garrulousMonolith's ghost, journeyman MDFi


Innate Abilities, Weirdness & Mutations

Your life essence is reduced to manifest your ancestor. (-10% HP)
You have a pair of horns on your head.
You reflexively headbutt those who attack you in melee.


Message History

The deep elf pyromancer hits you but does no damage.
The deep elf pyromancer casts a spell at you.
The bolt of fire hits you!
* * * LOW HITPOINT WARNING * * *
You feel much better. The liquid fire burns you!
The +1 long sword of electrocution hits Funesim!
Lightning courses through Funesim!
Funesim hits the +1 long sword of electrocution with a +0 dagger of draining!
Funesim hits the +1 long sword of electrocution with a +0 dagger of draining.
The +1 long sword of electrocution falls from the air.
The deep elf pyromancer misses you.
The deep elf pyromancer hits you but does no damage.
You slash the deep elf pyromancer!
The deep elf pyromancer looks as sick as possible!
The deep elf pyromancer is heavily wounded.
You slash the deep elf pyromancer!
You kill the deep elf pyromancer!
The liquid fire burns you!
* * * LOW HITPOINT WARNING * * *
Funesim gestures at the deep elf pyromancer while chanting.
The deep elf pyromancer appears confused.
You slash the deep elf pyromancer!
The deep elf pyromancer is severely wounded.
The liquid fire burns you!
* * * LOW HITPOINT WARNING * * *
You hit the deep elf pyromancer. You headbutt the deep elf pyromancer.
You kill the deep elf pyromancer!
The liquid fire burns you!
* * * LOW HITPOINT WARNING * * *
The deep elf pyromancer mumbles some strange words.
The deep elf pyromancer blinks!
Unknown command.
You shake off some of the fire as you move.
The liquid fire burns you!
* * * LOW HITPOINT WARNING * * *
You shake off some of the fire as you move.
The liquid fire burns you!
You die...
Hepliaklqana delivers you to your ancestors.

# ##### ### ### ### ###...##
##.####.### ##.##
.#.....###...#.....###...##
..#.....###.........###...##
.........#.........###.....#
..#....[......#.#..####...##
............#...#...###...#
.............))..#.###...##
...........ยง.)R.@.##
##.#.##
...............)...####<...#
.............#.....##.....##
.......#...##.#.###...)).##
...............##.........#
.......#....#.##..........#
......##...[.[#..........##
........#.[.[............##
.........#...[............#


You could see the friendly Funesim the hexer.

Vanquished Creatures
  Jorgrun (Orc:2)
  Nessos (D:12)
  A dire elephant (D:14)
  An ettin (Orc:2)
  5 vault guards
  3 catoblepae (Lair:5)
  3 hydras
  An ogre mage (D:15)
  Erolcha (Orc:2)
  Erica (D:9)
  7 centaur warriors
  10 death yaks
  2 boulder beetles
  4 tengu warriors
  6 two-headed ogres (D:15)
  A thrashing horror (Abyss:2)
  2 skysharks (Lair:5)
  Lodul (D:13)
  3 skeletal warriors (D:15)
  3 deep elf pyromancers
  2 oklob plants (Lair:1)
  A wolf spider (D:15)
  22 ugly things
  8 orc sorcerers
  7 cyclopes
  5 manticores
  10 elephants
  3 kobold blastminers (Orc:1)
  A gargoyle (D:13)
  9 cane toads
  A smoke demon (Abyss:2)
  A large abomination (Abyss:2)
  2 yaktaurs (D:13)
  2 rime drakes
  An unseen horror (D:11)
  4 komodo dragons
  2 kobold demonologists (D:9)
  4 tengu conjurers
  A troll (D:10)
  8 blink frogs
  A hornet (D:9)
  3 dream sheep (Lair:4)
  54 yaks
  A centaur simulacrum (D:13)
  A vampire (D:13)
  2 shadows
  A wyvern (Lair:1)
  4 basilisks
  2 hogs (D:13)
  2 wargs
  Menkaure (D:6)
  A steam dragon (D:9)
  4 vampire mosquitoes (D:13)
  A two-headed ogre zombie (D:12)
  An acid dragon (D:10)
  13 water moccasins
  Duvessa (D:4)
  A black bear (D:4)
  2 ice beasts (D:8)
  7 orc warriors
  14 ogres
  6 wolves
  13 centaurs
  4 phantoms
  6 bullfrogs
  A gnoll sergeant (D:10)
  4 scorpions
  Dowan (D:4)
  A troll zombie (D:12)
  4 killer bees
  4 howler monkeys
  2 quasits
  4 jellies
  4 hounds (D:5)
  A bombardier beetle (D:4)
  4 orc priests
  Ijyb (D:5)
  2 iguanas
  A sleepcap (D:5)
  Natasha (thrice) (D:3)
  33 orc wizards
  5 ogre zombies (D:12)
  4 gnolls (D:10)
  4 adders
  6 shadow imps
  3 white imps
  3 ufetubi
  A dart slug (D:4)
  3 ribbon worms
  43 orcs
  4 endoplasms
  6 hobgoblins
  6 jackals
  14 kobolds
  A quokka (D:3)
  9 ball pythons
  3 bats
  A frilled lizard (D:2)
  2 gnoll skeletons (D:12)
  4 gnoll zombies (D:12)
  3 goblins
  An orc skeleton (D:12)
  12 orc zombies (D:12)
  7 rats
512 creatures vanquished.

Vanquished Creatures (collateral kills)
  Kirke (D:13)
  A catoblepas (Lair:4)
  2 ogre magi (Orc:2)
  2 hydras
  A centaur warrior (D:13)
  A dancing weapon (Orc:2)
  2 death yaks (Lair:5)
  A deep elf knight (D:13)
  A skyshark (Lair:5)
  A lindwurm (Lair:5)
  An orc knight (D:15)
  An oklob plant (Lair:4)
  4 orc sorcerers (Orc:2)
  2 cyclopes (D:12)
  4 ugly things
  2 manticores
  A kobold blastminer (Orc:1)
  2 black mambas
  2 torpor snails
  2 elephants (Lair:3)
  A cane toad (Lair:2)
  2 komodo dragons
  2 gargoyles
  An unseen horror (D:10)
  2 kobold demonologists (D:9)
  Psyche (D:9)
  A troll (D:12)
  2 blink frogs (Lair:1)
  A polar bear (Lair:5)
  A hornet (D:11)
  A dream sheep (Lair:4)
  2 basilisks
  25 yaks
  A steam dragon (D:8)
  2 water moccasins
  3 orc warriors
  2 ogres
  2 centaurs
  A wolf (Lair:1)
  2 kobold brigands (D:9)
  3 bullfrogs
  A brain worm (Abyss:2)
  2 gnoll sergeants
  3 wights (D:9)
  A killer bee (D:10)
  4 howler monkeys
  4 orc priests
  7 orc wizards
  An ogre zombie (D:12)
  4 gnolls (D:10)
  17 orcs
  A kobold (D:9)
  2 orc skeletons (D:12)
  3 orc zombies (D:12)
  2 butterflies (Lair:4)
144 creatures vanquished.

Vanquished Creatures (others)
  A tengu conjurer (D:15)
  A human (D:13)
  A centaur (D:13)
  33 hexers
  An ancestor (D:6)
  A shadow imp (D:8)
38 creatures vanquished.

Grand Total: 694 creatures vanquished

Notes
Turn   | Place    | Note
-------+----------+-------------------------------------------
     0 | D:1      | promet the Minotaur Fighter began the quest for the Orb.
     0 | D:1      | Reached XP level 1. HP: 19/19 MP: 0/0
   100 | D:1      | Found a faded altar of an unknown god.
   634 | D:1      | Reached XP level 2. HP: 26/27 MP: 1/1
   852 | D:2      | Reached skill level 4 in Fighting
   952 | D:2      | Identified a scroll of acquirement
   952 | D:2      | Acquired the +9 war axe of Forgiveness {venom, Int+4}
  1158 | D:2      | Reached XP level 3. HP: 33/33 MP: 2/2
  1447 | D:3      | Noticed Natasha
  1453 | D:3      | Killed Natasha
  1458 | D:3      | Reached XP level 4. HP: 36/41 MP: 3/3
  1466 | D:3      | Noticed Natasha
  1472 | D:3      | Killed Natasha
  1473 | D:3      | Reached skill level 5 in Fighting
  1711 | D:3      | Noticed Natasha
  1719 | D:3      | Killed Natasha
  1722 | D:3      | Reached XP level 5. HP: 41/48 MP: 4/4
  1896 | D:3      | Found a radiant altar of Vehumet.
  2172 | D:4      | Noticed a black bear
  2176 | D:4      | Killed a black bear
  2195 | D:4      | Reached skill level 5 in Armour
  2195 | D:4      | Reached XP level 6. HP: 47/56 MP: 5/5
  2483 | D:4      | Reached skill level 5 in Axes
  2694 | D:4      | Reached skill level 6 in Fighting
  2742 | D:4      | Noticed Dowan
  2742 | D:4      | Noticed Duvessa
  2755 | D:4      | Killed Duvessa
  2756 | D:4      | Reached XP level 7. HP: 55/63 MP: 6/6
  2763 | D:4      | Killed Dowan
  3818 | D:5      | Entered Level 5 of the Dungeon
  3819 | D:5      | Found a hide-covered altar of Uskayaw.
  3830 | D:5      | Reached skill level 1 in Dodging
  3868 | D:5      | Found a staircase to the Ecumenical Temple.
  4059 | D:5      | Reached XP level 8. HP: 51/71 MP: 7/7
  4126 | Temple   | Entered the Ecumenical Temple
  4287 | Temple   | Became a worshipper of Hepliaklqana the Forgotten
  4361 | D:5      | Reached skill level 7 in Fighting
  4456 | D:5      | Reached skill level 5 in Shields
  4471 | D:5      | Noticed Ijyb
  4476 | D:5      | Killed Ijyb
  4800 | D:5      | Found a shimmering altar of Xom.
  4801 | D:5      | Found a shimmering altar of Xom.
  5370 | D:5      | Reached skill level 1 in Ranged Weapons
  5536 | D:6      | Found a glowing drain.
  5596 | D:6      | Reached * piety under Hepliaklqana
  5697 | D:6      | Reached skill level 8 in Fighting
  5968 | D:6      | Noticed Menkaure
  5973 | D:6      | Killed Menkaure
  5974 | D:6      | Reached XP level 9. HP: 54/72 MP: 8/8
  6322 | D:7      | Reached skill level 1 in Stealth
  6679 | D:7      | Reached skill level 10 in Axes
  6790 | D:7      | Reached ** piety under Hepliaklqana
  6791 | D:7      | Remembered your ancestor Funesim as a hexer
  7098 | D:8      | Found a transporter.
  7164 | D:8      | Reached skill level 9 in Fighting
  7181 | D:8      | Reached skill level 1 in Throwing
  7339 | D:8      | Reached skill level 10 in Fighting
  7576 | D:8      | Found a transporter.
  7576 | D:8      | Noticed shadowstone's ghost (novice CoFi)
  7749 | D:8      | Reached XP level 10. HP: 83/83 MP: 9/9
  8040 | D:8      | Found a stormy altar of Qazlal.
  8049 | D:8      | Found a broken altar of Ashenzari.
  8373 | D:9      | Found a runed translucent door.
  8544 | D:9      | Noticed a gargoyle
  8551 | D:9      | Killed a gargoyle
  8755 | D:9      | Reached skill level 5 in Ranged Weapons
  8808 | D:9      | Noticed Erica
  8817 | D:9      | Killed Erica
  8818 | D:9      | Reached skill level 11 in Fighting
  8868 | D:9      | Noticed Psyche
  8875 | D:9      | Killed Psyche
  9230 | D:9      | Noticed timneilson's ghost (journeyman OpSh)
  9335 | D:10     | Entered Level 10 of the Dungeon
  9355 | D:10     | Reached *** piety under Hepliaklqana
  9424 | D:10     | Reached XP level 11. HP: 93/93 MP: 10/10
  9527 | D:10     | Found a staircase to the Lair.
  9527 | D:10     | Noticed a death yak
  9552 | D:9      | Killed a death yak
  9620 | D:10     | Found a runed translucent door.
  9622 | D:10     | Found a burning altar of Makhleb.
  9622 | D:10     | Noticed a sixfirhy
  9671 | D:9      | Reached skill level 12 in Fighting
  9938 | D:10     | Identified the +0 robe of Haukiup {rC+}
 10218 | Lair:1   | Entered Level 1 of the Lair of Beasts
 10306 | Lair:1   | Found a frozen archway.
 10490 | Lair:1   | Found a runed translucent gate.
 10490 | Lair:1   | Found a runed translucent gate.
 10490 | Lair:1   | Found a runed translucent gate.
 10495 | Lair:1   | Noticed garrulousMonolith's ghost (journeyman MDFi)
 10495 | Lair:1   | Noticed Nyony's ghost (journeyman TrSh)
 10727 | Lair:1   | Reached skill level 13 in Fighting
 11423 | Lair:1   | Found a blossoming altar of Fedhas.
 11425 | Lair:1   | Noticed an oklob plant
 11425 | Lair:1   | Noticed an oklob plant
 11497 | Lair:1   | Killed an oklob plant
 11498 | Lair:1   | Reached XP level 12. HP: 86/103 MP: 11/11
 11583 | Lair:1   | Reached skill level 10 in Armour
 12001 | Lair:2   | Reached skill level 14 in Fighting
 12276 | Lair:2   | Reached **** piety under Hepliaklqana
 12854 | Lair:2   | Noticed a five-headed hydra
 12863 | Lair:1   | Killed a five-headed hydra
 13663 | Lair:3   | Reached skill level 15 in Fighting
 13750 | Lair:3   | Reached skill level 15 in Axes
 13775 | Lair:3   | Found a staircase to the Shoals.
 13844 | Lair:3   | Noticed a six-headed hydra
 13860 | Lair:3   | Killed a four-headed hydra
 13904 | Lair:3   | Reached XP level 13. HP: 108/114 MP: 12/12
 14181 | Lair:3   | You fall into a shaft and drop 2 floors!
 14181 | Lair:5   | Entered Level 5 of the Lair of Beasts
 15002 | Lair:4   | Reached skill level 16 in Fighting
 15128 | Lair:4   | Found a viscous altar of Jiyva.
 15128 | Lair:4   | Found a staircase to the Slime Pits.
 15556 | Lair:5   | Reached skill level 1 in Invocations
 15727 | Lair:5   | Reached skill level 1 in Evocations
 16067 | Lair:5   | Reached ***** piety under Hepliaklqana
 16923 | Lair:5   | Reached XP level 14. HP: 95/124 MP: 15/15
 17033 | Lair:5   | Identified the +6 trident of the Sugar Beet {pain, Dex+5}
 18135 | Lair:5   | Identified the +2 leather armour "Senogops" {Regen+ MP-9
                  | Dex+4}
 18740 | D:11     | Reached skill level 17 in Fighting
 18876 | D:11     | You fall into a shaft and drop 2 floors!
 19090 | D:13     | Noticed Kirke
 19173 | D:13     | Killed Kirke
 19174 | D:13     | Reached skill level 10 in Ranged Weapons
 20055 | D:12     | Noticed Nessos
 20065 | D:12     | Killed Nessos
 21401 | D:12     | Found a staircase to the Orcish Mines.
 21787 | Orc:1    | Entered Level 1 of the Orcish Mines
 21868 | Orc:1    | Reached skill level 5 in Invocations
 22034 | Orc:1    | Found a bloodstained altar of Trog.
 22455 | Orc:2    | Entered Level 2 of the Orcish Mines
 22505 | Orc:2    | Found a staircase to the Elven Halls.
 22512 | Orc:2    | Noticed Jorgrun
 22525 | Orc:2    | Killed Jorgrun
 22756 | Orc:2    | Found Soim's Armour Boutique.
 23059 | Orc:2    | Found Qysioqa's Book Shoppe.
 23109 | Orc:2    | Found a radiant altar of Vehumet.
 23120 | Orc:2    | Paralysed by an ogre mage for 3 turns
 23366 | Orc:2    | Noticed Erolcha
 23376 | Abyss:1  | Cast into level 1 of the Abyss (Erolcha)
 23588 | Orc:2    | Escaped the Abyss
 23727 | Orc:2    | Killed Erolcha
 24001 | Orc:2    | Paralysed by an orc sorcerer for 5 turns
 24141 | Orc:2    | Reached XP level 15. HP: 134/134 MP: 18/18
 24172 | Orc:2    | Found a roughly hewn altar of Beogh.
 24172 | Orc:2    | Found Tibicvit's Antique Armour Shoppe.
 24175 | Orc:2    | Found Githryn's Book Emporium.
 24185 | Orc:2    | Found Byoch's Distillery.
 24198 | Orc:2    | Bought 2 potions of curing for 90 gold pieces
 24198 | Orc:2    | Bought a potion of heal wounds for 75 gold pieces
 24217 | Orc:2    | Found an ancient bone altar of Kikubaaqudgha.
 24810 | D:13     | Reached skill level 5 in Evocations
 24884 | D:13     | Reached skill level 18 in Fighting
 24994 | D:13     | Noticed Lodul
 25002 | D:13     | Reached ****** piety under Hepliaklqana
 25038 | D:13     | Killed Lodul
 25803 | D:13     | Found a gate to the Vaults.
 27343 | D:15     | Entered Level 15 of the Dungeon
 29042 | D:15     | Got the Directory of Indurated Relocation
 29577 | D:15     | Reached skill level 19 in Fighting
 29587 | D:15     | Reached XP level 16. HP: 144/144 MP: 20/20
 29833 | D:15     | Found a staircase to the Depths.
 29942 | Orc:2    | Upgraded the game from 0.32-a0-433-g08bcfe7efd to
                  | 0.32-a0-450-g080537f31e
 29949 | Elf:1    | Entered Level 1 of the Elven Halls
 29966 | Orc:2    | Incinerated by a deep elf pyromancer

Illustrated notes

Levels and vault maps discovered:
D:1:      dpeg_arrival_arbitrary_c, layout_loops_cross,
          ebering_ecumenical_altar_box, minivault_4
D:2:      layout_rooms, minivault_4
D:3:      layout_rooms, nicolae_overflow_hidden_temple,
          chequers_serial_rivers_marsh, minmay_misc_feat_diagonals, uniq_natasha
D:4:      layout_layer_cave, serial_demonic, serial_demonic_b, serial_demonic_b,
          serial_demonic_e, serial_demonic_e, serial_demonic_a,
          mrwooster_statue_mirror, st_stairs_6, uniq_duvessa
D:5:      layout_basic, mainiacjoe_overflow_catwalk, xom_redecorated,
          minmay_temple_entry_overgrown, nicolae_houndstooth_variations,
          uniq_ijyb
D:6:      layout_cave_pools, cheibrodos_sewer_entry_sluice, uniq_menkaure
D:7:      layout_cave_pods
D:8:      minmay_angry_zag, layout_loops_ring, mainiacjoe_overflow_swirl,
          gammafunk_ghost_arena
D:9:      layout_roguey, ebering_ghost_reflecting_pool, uniq_erica, uniq_psyche
D:10:     layout_rooms, nzn_makhleb_speed_demon, david_lair_generic,
          st_stairs_12
D:11:     layout_stronghold
D:12:     layout_loops_ring, zombieorc2_lemuel, kb_tengu_band, uniq_nessos
D:13:     layout_stronghold, grunt_vaults_entry_fortified,
          gauntlet_entry_generic, serial_co_window_serial, co_window_paths_b,
          co_window_paths_a, co_window_paths_a, co_window_paths_a,
          co_window_paths_b, co_window_paths_a, co_window_corner_a,
          co_window_corner_cb, co_window_broadway_c, co_window_broadway_b,
          co_window_cross_3, co_window_of_opportunity_c, co_window_corner_b,
          co_window_paths_e, glass_columns_a, glass_columns_c, glass_columns_a,
          glass_columns_a, uniq_lodul, uniq_kirke
D:14:     layout_roguey, serial_park_tiny_pond
D:15:     hangedman_depths_entry_try_elsewhere_first, layout_long_grid
Temple:   nicolae_temple_slightly_damp_pantheon
Lair:1:   layout_small_grid, portal_ice_cave_entry_pillars_1,
          gammafunk_ghost_cemetery, hangedman_tree_tricks,
          minmay_shattered_shrine
Lair:2:   layout_cave_pods, nicolae_quartered_pool_medium
Lair:3:   layout_hall_layers, minmay_shoals_entry_beasts,
          nicolae_spider_entry_lesser_pyramids, serial_bayou_shore_a,
          lemuel_fruit_fields
Lair:4:   layout_gridlike, slime_entry_1, minmay_lair_oklob_items,
          grunt_megastairs_1, lemuel_fruit_fields, lemuel_fruit_fields
Lair:5:   evilmike_catoblepas_cave, layout_regular_city, serial_bayou_pond_b
Orc:1:    layout_diamond_mine, basic_altar
Orc:2:    kennysheep_orc_mage_school, layout_caves, serial_shops,
          nicolae_shop_tiny_waterfront, uniq_jorgrun, uniq_erolcha
Elf:1:    minmay_elf_arrival_plus, layout_geoelf_grid,
          kennysheep_underground_church, uniq_zenata, uniq_frances, uniq_agnes

Skill      XL: |  1  2  3  4  5  6  7  8  9 10 11 12 13 14 15 |
---------------+----------------------------------------------+-----
Fighting       | 4 5 6 8 10 11 13 15 16 17 19 | 19.0
Axes           | 3 4 5 7 9 11 13 15 16 17 | 17.1
Shields        | 4 5 |  5.0
Armour         | 4 5 6 7 8 9 10 11 12 13 | 13.2
Dodging        | 1 2 3 |  3.1
Ranged Weapons | 1 7 8 9 11 12 | 12.5
Stealth        | 2 3 4 |  4.8
Throwing       | 1 3 |  3.5
Invocations    | 3 5 7 |  7.5
Evocations     | 2 4 6 |  6.4
Long Blades    | |  0.3
Unarmed Combat | |  0.3

Action                     |  1- 3 |  4- 6 |  7- 9 | 10-12 | 13-15 | 16-18 || total
---------------------------+-------+-------+-------+-------+-------+-------++-------
  Melee: War axe           |    46 |    60 |   156 |   248 |   478 |     3 ||   991
         Headbutt          |     4 |     6 |    18 |    68 |   133 |     1 ||   230
         Short sword       |       |       |       |     1 |       |       ||     1
         Scimitar          |       |       |       |     5 |     7 |       ||    12
         Unarmed           |       |       |       |       |     7 |       ||     7
         Trident           |       |       |       |       |     3 |       ||     3
         Rapier            |       |       |       |       |     1 |       ||     1
   Fire: Orcbow            |       |       |    46 |   123 |   134 |       ||   303
         Longbow           |       |       |       |       |   368 |     2 ||   370
  Throw: Stone             |       |     9 |     1 |       |       |       ||    10
         Javelin           |       |       |     4 |     6 |       |       ||    10
         Boomerang         |       |       |       |     9 |    18 |       ||    27
         Dart              |       |       |       |       |     7 |       ||     7
         Throwing net      |       |       |       |       |     1 |       ||     1
 Invoke: Ancestor Life: He |       |       |     1 |       |       |       ||     1
         Recall Ancestor   |       |       |       |     1 |     9 |     1 ||    11
         Idealise          |       |       |       |       |     1 |       ||     1
  Evoke: Box of beasts     |       |       |       |       |     3 |       ||     3
         Wand              |       |       |       |       |     4 |       ||     4
         Condenser vane    |       |       |       |       |     1 |     1 ||     2
    Use: Scroll            |     5 |       |    13 |     9 |    11 |       ||    38
         Potion            |       |       |     1 |       |     1 |     2 ||     4
   Stab: Confused          |       |       |       |     4 |     5 |       ||     9
         Distracted        |       |       |       |     1 |    10 |       ||    11
         Held in net/web   |       |       |       |       |     1 |       ||     1
         Paralysed         |       |       |       |       |     9 |       ||     9
 Armour: Scale mail        |    24 |    50 |   132 |    18 |       |       ||   224
         Plate armour      |       |       |       |   279 |   439 |    19 ||   737
         Skin              |       |       |       |       |     3 |       ||     3
  Dodge: Dodged            |    20 |    28 |    82 |   107 |   269 |     5 ||   511
  Block: Buckler           |     8 |     9 |     8 |       |       |       ||    25

Table legend: (Time is in decaauts)
 A = Elapsed time spent in this place.
 B = Non-inter-level travel time spent in this place.
 C = Inter-level travel time spent in this place.
 D = Time resting spent in this place.
 E = Time spent auto-exploring this place.
 F = Levels seen in this place.
 G = Mean time per level.
                   A        B        C        D        E       F      G
               +--------+--------+--------+--------+--------+-----+--------+
         Total |  30142 |  29166 |    976 |   8597 |   7433 |  27 | 1116.4 |
       Dungeon |  18926 |  18302 |    624 |   4983 |   5014 |  15 | 1261.7 |
        Temple |    196 |    196 |      0 |      0 |      0 |   1 |  196.0 |
          Lair |   8238 |   8072 |    166 |   2950 |   2034 |   5 | 1647.6 |
  Orcish Mines |   2565 |   2379 |    186 |    663 |    384 |   2 | 1282.5 |
   Elven Halls |      8 |      8 |      0 |      0 |      0 |   1 |    8.0 |
         Abyss |    206 |    206 |      0 |      0 |      0 |   3 |   68.7 |
               +--------+--------+--------+--------+--------+-----+--------+

Top non-repeatable levels by time:
  Lair:5: 2954 daAuts
    D:13: 2340 daAuts
    D:15: 2026 daAuts
  Lair:1: 1914 daAuts
   Orc:2: 1790 daAuts
    D:14: 1767 daAuts
  Lair:2: 1571 daAuts
     D:4: 1549 daAuts
     D:5: 1527 daAuts
    D:12: 1500 daAuts
     D:9: 1431 daAuts
  Lair:4: 1269 daAuts
    D:11: 1131 daAuts
     D:8: 1083 daAuts
     D:3: 876 daAuts
